 Dungeon Crawl Stone Soup version 0.25.0-17-g773c8c6189 (webtiles) character file.

Game seed: 9268094128612144571

(classic levelgen) 294 EnegeticOcto the Magician (level 6, -4/32 HPs)
             Began as a Deep Elf Summoner on June 30, 2020.
             Killed by divine providence
             ... invoked by an orc priest
              (16 damage)
             ... on level 4 of the Dungeon.
             The game lasted 00:07:46 (5320 turns).

EnegeticOcto the Magician (Deep Elf Summoner)       Turns: 5320, Time: 00:07:47

Health: -4/32      AC:  4    Str:  5    XL:     6   Next: 11%
Magic:  10/17      EV: 13    Int: 22    God:
Gold:   165        SH:  5    Dex: 15    Spells: 3/17 levels left

rFire    + . .     SeeInvis .   w - +1 dagger (elec)
rCold    . . .     Gourm    .   (no shield)
rNeg     . . .     Faith    .   a - +0 robe
rPois    +         Spirit   .   q - +0 helmet
rElec    .         Reflect  +   (no cloak)
rCorr    .         Harm     .   (no gloves)
MR       .....                  x - +0 pair of boots
Stlth    ++........             s - amulet of reflection
HPRegen  0.10/turn              r - ring of poison resistance
MPRegen  0.15/turn              v - ring of protection from fire

@: no status effects
A: no striking features
a: no special abilities


You were on level 4 of the Dungeon.
You were hungry.

You visited 1 branch of the dungeon, and saw 4 of its levels.

You collected 165 gold pieces.

Inventory:

Hand Weapons
 w - a +1 dagger of electrocution (weapon)
Armour
 a - a +0 robe (worn)
 q - a +0 helmet (worn)
 x - a +0 pair of boots (worn)
Jewellery
 f - an uncursed amulet of regeneration
 m - an uncursed ring of fire
 r - a ring of poison resistance (left hand)
 s - an amulet of reflection (around neck)
 v - a ring of protection from fire (right hand)
Scrolls
 h - a scroll of noise {unknown}
 j - a scroll of remove curse {@r2}
 n - a scroll of teleportation {@r3 !r}
 t - a scroll of blinking {@r4}
 u - 2 scrolls of immolation {unknown}
Potions
 b - 2 potions of flight
 c - a potion of brilliance {unknown}
 d - 2 potions of might {unknown}
 g - a potion of heal wounds {unknown}
 i - a potion of mutation {unknown}
 k - 2 potions of lignification {@q6}
 o - 3 potions of ambrosia
 p - a potion of curing {unknown}
Comestibles
 e - 9 rations
 l - 3 chunks of flesh


   Skills:
 - Level 2.4 Dodging
 - Level 2.4 Stealth
 - Level 6.0 Spellcasting
 + Level 5.3 Summonings
 + Level 2.6 Ice Magic
 + Level 2.4 Air Magic


You had 3 spell levels left.
You knew the following spells:

 Your Spells              Type           Power        Failure   Level  Hunger
a - Summon Small Mammal   Summ           ####         1%          1    None
b - Call Imp              Summ           ####....     1%          2    None
c - Call Canine Familiar  Summ           ####....     3%          3    #......
d - Summon Lightning Spi  Summ/Air       ###.....     19%         4    ###....
e - Summon Ice Beast      Ice/Summ       ###.....     17%         4    ###....

Your spell library contained the following spells:

 Spells                   Type           Power        Failure   Level  Hunger
 Summon Guardian Golem    Hex/Summ       ###.....     9%          3    #......


Dungeon Overview and Level Annotations

Branches:
Dungeon (4/15)
 Temple: D:4-7

Altars:


Message History

Moving in this stuff is going to be slow.
Found 29 stones.
You now have 165 gold pieces (gained 14).
e - 9 rations (gained 1)
An ogre comes into view. It is wielding a +0 giant spiked club.
Casting: Call Canine Familiar (dangerous; 3% risk of failure)
Confirm with . or Enter, or press ? or * to list all spells.
Casting: Call Canine Familiar (dangerous; 3% risk of failure)
Confirm with . or Enter, or press ? or * to list all spells.
A beastly little devil appears in a puff of frigid air.
Casting: Call Imp (safe; 1% risk of failure)
Confirm with . or Enter, or press ? or * to list all spells.
A beastly little devil appears in a puff of flame.
The ogre shouts!
You hear a shout!
Your hound bites the ogre.
Your crimson imp blinks!
You swap places.
Your hound completely misses the ogre.
Your white imp gestures at the ogre.
The puff of frost hits the ogre!
The ogre hits your white imp with a +0 giant spiked club!!
Your white imp dies!
Your hound barely misses the ogre.
Casting: Call Imp (safe; 1% risk of failure)
Confirm with . or Enter, or press ? or * to list all spells.
A beastly little devil appears in a puff of frigid air.
The ogre shouts!
You hear an angry hiss.
Your hound bites the ogre.
Your hound bites the ogre but does no damage.
Your hound bites the ogre.
The ogre hits your crimson imp with a +0 giant spiked club!
Your crimson imp dies!
Your hound bites the ogre.
Your hound bites the ogre.
The ogre completely misses your hound.
Your hound bites the ogre.
The ogre dies!
You have reached level 6!
Your experience leads to an increase in your attributes!
Increase (s)trength, (i)ntelligence, or (d)exterity?
You feel clever.
A leopard gecko comes into view.
A leopard gecko is nearby!
The leopard gecko closely misses your white imp.
The leopard gecko bites your white imp but does no damage.
Your white imp barely misses the leopard gecko.
You swap places.
Your hound barely misses the leopard gecko.
The leopard gecko bites you.
Your hound barely misses the leopard gecko.
You hit the leopard gecko.
The leopard gecko is heavily wounded.
Your hound bites the leopard gecko.
You block the leopard gecko's attack.
You hit the leopard gecko.
You kill the leopard gecko!
Your white imp disappears in a puff of smoke!
An orc comes into view. It is wielding a +0 flail.
An orc is nearby!
An orc comes into view. It is wielding a +0 short sword.
The orc hits you with a +0 flail.
You barely miss the orc. The orc barely misses you.
You hit the orc but do no damage. Lightning courses through the orc!
You kill the orc!
An orc priest comes into view. It is wielding a +0 dagger.
Items here: )) [ † a +0 flail; a +0 leather armour; a +0 giant spiked club; an ogre corpse The orc priest invokes the aid of Beogh against you.
Beogh smites you!
You hit the orc. Lightning courses through the orc!
You kill the orc!
You are feeling hungry.
You swap places.
Your hound bites the orc priest but does no damage.
The orc priest invokes the aid of Beogh against you.
Beogh smites you!
You are too injured to fight recklessly!
An orc priest is nearby!
An orc priest is nearby!
Your hound barely misses the orc priest.
The orc priest hits your hound with a +0 dagger.
Casting: Call Imp (safe; 1% risk of failure)
Confirm with . or Enter, or press ? or * to list all spells.
Your hound disappears in a puff of smoke!
The orc priest looks braver for a moment.
Items here: )) [ † a +0 flail; a +0 leather armour; a +0 giant spiked club; an ogre corpse You swap places.
The orc priest closely misses your hound.
Your hound barely misses the orc priest.
Casting: Call Canine Familiar (dangerous; 3% risk of failure)
Confirm with . or Enter, or press ? or * to list all spells.
A beastly little devil appears in a puff of flame.
Your hound closely misses the orc priest.
The orc priest misses your hound.
Casting: Call Imp (safe; 1% risk of failure)
Confirm with . or Enter, or press ? or * to list all spells.
A beastly little devil appears in a puff of flame.
Your hound bites the orc priest.
The orc priest invokes the aid of Beogh against you.
Beogh smites you!
Ouch! That really hurt!
You die...

#≈≈≈≈≈≈#.. ####...### #
#.#.#### #. #.#...####
###.########### #.##...(#.
#.......##....# #.##....#.
#.....).##....# #.##....#.
#.......##....###.##....#.
#.....oh5@................
#.......##5...###.###.###.
#.......##....# #.#.......
#.......####### #.#.#.....
######### #.#.######
#.#....... ######.########
#..............
#........######


You could see an orc priest, a friendly hound (summoned) and 2 friendly crimson
imps.

Vanquished Creatures
  A howler monkey (D:4)
  An orc wizard (D:4)
  3 adders
  A dart slug (D:3)
  A leopard gecko (D:4)
  6 orcs
  8 bats
  3 giant cockroaches
  2 hobgoblins (D:3)
  2 jackals (D:4)
  3 quokkas
  A ball python (D:2)
  4 frilled lizards
  3 kobolds
  5 rats
44 creatures vanquished.

Vanquished Creatures (collateral kills)
  A nameless horror (D:4)
  An ogre (D:4)
  Blork the orc (D:4)
  A hound (D:4)
  A hound skeleton (D:4)
  2 adders
  An ooze (D:1)
  A worm (D:4)
  2 dart slugs (D:1)
  2 leopard geckos
  5 orcs (D:3)
  3 bats
  A giant cockroach (D:1)
  2 goblins
  5 hobgoblins
  7 jackals
  7 kobolds
  3 frilled lizards
  3 rats
49 creatures vanquished.

Grand Total: 93 creatures vanquished

Notes
Turn   | Place    | Note
-------+----------+-------------------------------------------
     0 | D:1      | EnegeticOcto the Deep Elf Summoner began the quest for the
                  | Orb.
     0 | D:1      | Reached XP level 1. HP: 10/10 MP: 6/6
   912 | D:1      | Reached skill level 4 in Spellcasting
   912 | D:1      | Reached XP level 2. HP: 15/15 MP: 9/9
   923 | D:1      | Learned a level 2 spell: Call Imp
  2465 | D:2      | Reached XP level 3. HP: 14/19 MP: 11/11
  2549 | D:2      | Reached skill level 5 in Spellcasting
  2657 | D:2      | Learned a level 3 spell: Call Canine Familiar
  3914 | D:3      | Reached XP level 4. HP: 23/24 MP: 13/13
  3916 | D:3      | Reached skill level 6 in Spellcasting
  3925 | D:3      | Learned a level 4 spell: Summon Lightning Spire
  3930 | D:3      | Learned a level 4 spell: Summon Ice Beast
  4513 | D:4      | Reached skill level 1 in Ice Magic
  4513 | D:4      | Reached skill level 1 in Air Magic
  4513 | D:4      | Reached XP level 5. HP: 28/28 MP: 15/15
  4704 | D:4      | Reached skill level 5 in Summonings
  4704 | D:4      | Reached skill level 2 in Ice Magic
  4760 | D:4      | Noticed Blork the orc
  4762 | D:4      | Noticed a nameless horror
  4780 | D:4      | Killed a nameless horror
  4933 | D:4      | Killed Blork the orc
  4933 | D:4      | Reached skill level 2 in Air Magic
  5244 | D:4      | Noticed an ogre
  5254 | D:4      | Killed an ogre
  5254 | D:4      | Reached XP level 6. HP: 32/32 MP: 7/17
  5320 | D:4      | Killed from afar by an orc priest

Illustrated notes

Levels and vault maps discovered:
D:1:      dpeg_arrival_round_b, layout_loops_ring,
          hangedman_decor_clover_reticule, minmay_stone_trees_small,
          amethyst_killhole
D:2:      layout_basic
D:3:      layout_basic
D:4:      layout_basic, first_ration, serial_rivers,
          chequers_serial_rivers_micro_a, chequers_serial_rivers_micro_d,
          chequers_serial_rivers_micro_b, chequers_serial_rivers_small_a,
          uniq_blork_the_orc

Skill      XL: |  1  2  3  4  5 |
---------------+----------------+-----
Spellcasting   | 4 5 6 |  6.0
Ice Magic      | 1 2 |  2.6
Air Magic      | 1 2 |  2.4
Summonings     | 5 |  5.3
Dodging        | |  2.4
Stealth        | |  2.4

Action                   |  1- 3 |  4- 6 || total
-------------------------+-------+-------++-------
Melee: Dagger            |    15 |    79 ||    94
       Unarmed           |    15 |       ||    15
       Whip              |    69 |       ||    69
       Rapier            |    28 |     2 ||    30
 Cast: Summon Small Mamm |     9 |       ||     9
       Call Imp          |    32 |    13 ||    45
       Call Canine Famil |     5 |     5 ||    10
  Use: Scroll            |     1 |     5 ||     6
 Stab: Sleeping          |     5 |       ||     5
       Distracted        |       |     1 ||     1
  Eat: Chunk             |    10 |     4 ||    14
Armor: Robe              |    26 |     9 ||    35
Dodge: Dodged            |   123 |    44 ||   167
Block: Other             |     9 |    18 ||    27
